cohdb
Replays
Latest Replays
All Replays
Popular Replays
Top Player Replays
Match Explorer
How It Works
Community
CoH3 Stats
Reddit
Sign in to upload your games and track your stats! →
Sign in with Steam
Match 41271442
Unlisted
Match 41271442
Overview
Messages
Build Orders
End
Construct Infanterie Kompanie
Selects Breakthrough Battlegroup
Selects Assault Grenadiers
MG 42 Machine Gun Team
Grenadier Squad
GrW 34 Mortar Team
MG 42 Machine Gun Team
Selects Breakthrough
Construct Panzergrenadier Kompanie
251 Medium Carrier
Pak 40 Anti-tank Gun Team
Support Elements
Panzergrenadier Squad
Selects Incendiary Bombing Run
Construct Panzer Kompanie
Incendiary Bombing Run
Panzer IV Medium Tank
Selects Rapid Production
Selects Blitzkrieg
MG 42 Machine Gun Team
Panzer IV Medium Tank
Stoßtruppen Squad
Incendiary Bombing Run
Pioneer Squad
Panzer IV Medium Tank
Sturmpanzer IV Brummbär
Incendiary Bombing Run
Stoßtruppen Squad
Selects Tiger Heavy Tank
The true Emperor
Husar
Andy77
Lufthansa
Benni-chan
Fredrik
0
0
Comments
sign in to comment!
No comments posted yet!